 Dungeon Crawl Stone Soup version 0.30.0-5-g1a98f26d00 (webtiles) character file.

Game seed: 5164927616911163751

4688 jasper the Cleaver (level 11, 0/92 HPs)
             Began as a Meteoran Fighter on May 11, 2023.
             Slain by a yak (5 damage)
             ... on level 9 of the Dungeon.
             The game lasted 00:09:03 (4023 turns).

jasper the Cleaver (Meteoran Fighter)               Turns: 4023, Time: 00:09:03

Health: 0/92       AC: 16    Str: 25    XL:     11   Next: 2%
Magic:  12/12      EV: 10    Int: 10    God:
Gold:   236        SH:  6    Dex: 14    Spells: 10/10 levels left

rFire   + . .        a - +1 war axe
rCold   . . .        c - +0 buckler
rNeg    . . .        d - +0 plate armour
rPois   .            (no helmet)
rElec   .            j - +0 cloak
rCorr   .            k - +0 pair of gloves {Str+3}
SInv    +            (no boots)
Will    ++...        i - amulet "Xuzeth" {Acrobat Fly rF+ SInv} Stlth
                     n - ring of willpower
HPRegen 0.35/turn    (no ring)
MPRegen 0.13/turn

%: acrobat
@: flying, glowing
A: sense surroundings 2, otherworldly, glowing, explore regen
a: no special abilities


You were on level 9 of the Dungeon.
You visited 1 branch of the dungeon, and saw 9 of its levels.
You also visited: Sewer.

You collected 236 gold pieces.

Inventory:

Hand Weapons
 a - a +1 war axe (weapon)
Missiles
 C - 3 boomerangs (quivered)
 D - 3 datura-tipped darts
 F - a curare-tipped dart
Armour
 b - a +0 scale mail
 c - a +0 buckler (worn)
 d - a +0 plate armour (worn)
 h - a +2 pair of gloves
 j - a +0 cloak (worn)
 k - a +0 pair of gloves of strength (worn)
 r - a +0 chain mail
Jewellery
 i - the amulet "Xuzeth" (around neck) {Acrobat Fly rF+ SInv}
   (You found it on level 2 of the Dungeon)

   [amulet of the acrobat]

   It increases your evasion while moving and waiting.
   rF:        It protects you from fire.
   SInv:      It lets you see invisible.
   Fly:       It grants you flight.
 n - a ring of willpower (left hand)
 w - a ring of magical power
Wands
 l - a wand of roots (4)
 q - a wand of mindburst (17)
 y - a wand of polymorph (13)
 A - a wand of charming (11)
Scrolls
 e - 9 scrolls of teleportation
 p - a scroll of butterflies
 z - a scroll of enchant weapon
 B - 2 scrolls of fog
Potions
 f - a potion of haste
 g - 9 potions of curing
 m - a potion of degeneration
 o - a potion of heal wounds
 s - 3 potions of flight
 t - a potion of cancellation {unknown}
 u - a potion of magic {unknown}
 v - 2 potions of mutation {unknown}
 x - 2 potions of resistance {unknown}


   Skills:
 + Level 7.5 Fighting
 * Level 10.8 Axes
 + Level 8.1 Armour
 + Level 7.1 Dodging
 + Level 8.1 Shields


You had 10 spell levels left.
You didn't know any spells.
Your spell library contained the following spells:

 Spells                   Type           Power      Damage    Failure   Level
 Static Discharge         Conj/Air       0%         2-2/arc   100%        2
 Hailstorm                Conj/Ice       0%         3d3       100%        3
 Stone Arrow              Conj/Erth      0%         3d7       100%        3
 Airstrike                Air            0%         2d(0-16)  100%        4
 Animate Armour           Summ/Erth      0%         N/A       100%        4
 Ice Form                 Ice/Tmut       0%         N/A       100%        4
 Summon Lightning Spire   Summ/Air       0%         N/A       100%        4
 Simulacrum               Ice/Necr       0%         N/A       100%        6
 Lehudib's Crystal Spear  Conj/Erth      0%         10d2      100%        8


Dungeon Overview and Level Annotations

Branches:
Dungeon (9/15) Zot: 1529     Lair (0/5) D:8           Sewer (visited)
 Temple: D:4-7          Orc: D:9-12

Altars:
Hepliaklqana
Makhleb
Qazlal
Xom
Yredelemnul
The Shining One


Innate Abilities, Weirdness & Mutations

You passively map the area around you.
You are easily found by Zot.
You glow in the dark.
You regain HP and MP as you explore.


Message History

You slash the yak!
The yak is lightly wounded.
You hit the yak. x2; The yak gores you! The yak gores you but does no damage.
The yak gores you!
You take 22 damage, and have 26/86 hp.
MASSIVE DAMAGE!!
You slash the yak!
The yak is heavily wounded.
You barely miss the yak. You hit the yak but do no damage.
You block the yak's attack. The yak gores you but does no damage.
You block the yak's attack.
You hit the yak.
The yak is heavily wounded.
You hit the yak. You hit the yak but do no damage. You block the yak's attack.
The yak gores you!
* * * LOW HITPOINT WARNING * * *
The yak gores you.
* * * LOW HITPOINT WARNING * * *
You take 14 damage, and have 12/86 hp.
You barely miss the yak.
The yak is heavily wounded.
You barely miss the yak. You slash the yak!
You kill the yak!
The yak completely misses you. You block the yak's attack.
You have reached level 11!
You regained 2 hp, and now have 14/92 hp.
MP restored: 12 You hit the yak.
The yak is severely wounded.
You slash the yak! The yak barely misses you. The yak gores you!
* * * LOW HITPOINT WARNING * * *
You take 8 damage, and have 6/92 hp.
You barely miss the yak.
The yak is severely wounded.
You barely miss the yak. You block the yak's attack. The yak gores you.
* * * LOW HITPOINT WARNING * * *
You take 2 damage, and have 4/92 hp.
You slice the yak!!
You kill the yak!
You hit the yak. The yak gores you.
You die...

.# #...........#
+...... .#
#...........# ,,
,#...... .#
#...........# , ,,
#####'# .#
#...........# ........#
.# ####...........#, ,
,######..#
.###.......#+#'#..# ,
#..#
...........#...#..#, ,
, ,#..#
...........#...#..# ,
,#..#
###........#...#@Y# ,,
, #..#
..#........#...#..#
,#..#
..#...<...)#####..#,, ,
# ..#...............#,
, ,, #..#
..#...............#,
**+###...
''#...............####
.......
......................#
.......
......########........#
,....... ###...#, ,
#........# ,,.......


You could see a yak.

Vanquished Creatures
  A hornet (D:7)
  9 yaks (D:9)
  Grum (D:8)
  4 water moccasins
  An orc warrior (D:9)
  3 ice beasts
  3 sky beasts
  A black bear (D:7)
  3 wolves (D:8)
  An ogre (D:5)
  A kobold brigand (D:7)
  4 bullfrogs
  A gnoll sergeant (D:6)
  2 scorpions
  8 wights (D:7)
  4 killer bees (D:9)
  4 orc priests
  A hound (D:5)
  A gnoll bouda (D:5)
  2 orc wizards (D:6)
  A sleepcap (D:5)
  3 iguanas
  5 gnolls
  7 adders
  6 river rats
  4 white imps
  An ufetubus (D:5)
  A dart slug (D:5)
  16 orcs
  15 ball pythons (Sewer)
  4 bats
  3 endoplasms
  5 giant cockroaches
  2 goblins (D:1)
  2 hobgoblins
  3 jackals (D:4)
  3 quokkas
  A frilled lizard (D:1)
  9 kobolds
  21 rats
167 creatures vanquished.

Notes
Turn   | Place    | Note
-------+----------+-------------------------------------------
     0 | D:1      | jasper the Meteoran Fighter began the quest for the Orb.
     0 | D:1      | Reached XP level 1. HP: 19/19 MP: 2/2
    83 | D:1      | Reached XP level 2. HP: 19/26 MP: 3/3
   202 | D:2      | Reached skill level 3 in Axes
   202 | D:2      | Reached XP level 3. HP: 4/31 MP: 4/4
   277 | D:2      | Identified the amulet "Xuzeth" {Acrobat Fly rF+ SInv}
   296 | D:1      | Reached skill level 1 in Dodging
   368 | D:2      | Found a faded altar of an unknown god.
   368 | D:2      | Noticed a hellion
   603 | D:4      | Found a glowing drain.
   615 | D:4      | Reached XP level 4. HP: 30/40 MP: 5/5
   640 | D:4      | Reached XP level 5. HP: 42/46 MP: 6/6
   644 | Sewer    | Entered a sewer
   709 | Sewer    | Reached skill level 4 in Axes
   819 | Sewer    | Noticed a bullfrog
   820 | Sewer    | Noticed a bullfrog
   827 | Sewer    | Reached XP level 6. HP: 32/52 MP: 7/7
   860 | D:4      | Found a glowing golden altar of the Shining One.
   867 | D:4      | Reached skill level 5 in Axes
   867 | D:4      | Reached XP level 7. HP: 60/60 MP: 8/8
  1257 | D:4      | Found a stormy altar of Qazlal.
  1261 | D:4      | Found a hazy altar of Hepliaklqana.
  1264 | D:4      | Found a basalt altar of Yredelemnul.
  1265 | D:4      | Found a burning altar of Makhleb.
  1271 | D:4      | Found a shimmering altar of Xom.
  1289 | D:5      | Entered Level 5 of the Dungeon
  1304 | D:5      | Reached skill level 5 in Armour
  1307 | D:5      | Reached skill level 5 in Shields
  1358 | D:5      | Noticed a water moccasin
  1366 | D:5      | Killed a water moccasin
  1367 | D:5      | Reached XP level 8. HP: 65/67 MP: 9/9
  1385 | D:5      | Reached skill level 6 in Axes
  1482 | D:5      | Reached skill level 5 in Fighting
  1947 | D:6      | Reached skill level 7 in Axes
  1986 | D:6      | Gained mutation: You passively map the area around you.
                  | [Meteoran growth]
  1986 | D:6      | Reached XP level 9. HP: 54/74 MP: 10/10
  2546 | D:7      | Reached skill level 8 in Axes
  2546 | D:7      | Reached skill level 5 in Dodging
  3077 | D:7      | Reached skill level 9 in Axes
  3195 | D:7      | Reached XP level 10. HP: 84/84 MP: 11/11
  3223 | D:7      | Noticed a green ugly thing
  3357 | D:8      | Noticed Grum
  3373 | D:8      | Killed Grum
  3469 | D:8      | Found a staircase to the Lair.
  3469 | D:8      | Noticed a komodo dragon
  3757 | D:9      | Reached skill level 10 in Axes
  3762 | D:9      | HP: 1/86 [yak (7)]
  4021 | D:9      | Reached XP level 11. HP: 14/92 MP: 12/12
  4022 | D:9      | HP: 4/92 [yak (2)]
  4023 | D:9      | Slain by a yak

Illustrated notes

Levels and vault maps discovered:
D:1:      dpeg_arrival_round_b, layout_basic
D:2:      layout_basic, dreamdust_ecumenical_altar_sealed_demon, basic_altar,
          minmay_misc_feat_iff, kennysheep_small_spiral, uniq_sigmund,
          uniq_crazy_yiuf_cottage
D:3:      layout_loops_corners, zin_academy, uniq_jessica
D:4:      layout_rooms, mainiacjoe_overflow_chevrons,
          mainiacjoe_overflow_brackets, nicolae_overflow_hallway_of_the_gods,
          portal_sewer_entry_a
D:5:      minmay_spotlight, layout_gridville, st_stairs_5
D:6:      layout_basic
D:7:      cheibrodos_quashed, layout_layer_cave,
          minmay_temple_entry_glassed_door, minmay_manual_monstrance
D:8:      layout_loops_corners, david_lair_shrubbed,
          minmay_fractal_squares_gapless_5, uniq_grum
D:9:      layout_irregular_city, pdpol_wu_jian_five_deadly_venoms,
          kennysheep_windowed_goal

Skill      XL: |  1  2  3  4  5  6  7  8  9 10 |
---------------+-------------------------------+-----
Axes           | 3 4 5 7 9 10 | 10.8
Dodging        | 1 2 3 4 5 7 |  7.1
Shields        | 4 5 7 8 |  8.1
Armour         | 4 5 7 8 |  8.1
Fighting       | 4 5 6 7 |  7.5

Action                     |  1- 3 |  4- 6 |  7- 9 | 10-12 || total
---------------------------+-------+-------+-------+-------++-------
  Melee: War axe           |    65 |    72 |   239 |    98 ||   474
  Evoke: Wand              |       |       |       |     2 ||     2
    Use: Potion            |       |     1 |     1 |     3 ||     5
         Scroll            |       |     7 |     1 |     6 ||    14
 Armour: Scale mail        |    44 |    52 |    35 |       ||   131
         Chain mail        |       |       |    80 |    57 ||   137
         Plate armour      |       |       |       |     8 ||     8
  Dodge: Dodged            |    26 |    69 |   126 |    60 ||   281
  Block: Buckler           |    22 |    39 |    69 |    41 ||   171
